Map: Lockdown LE

Players

Shino

  • Race: Zerg Zerg
  • League: Grandmaster
  • Spawn Location: 7:00

Jumy (ForJumy) - Winner!

  • Race: Protoss Protoss
  • League: Master
  • Spawn Location: 1:00

Event: HomeStory Cup XXIX

VOD

Have the link to the VOD?

Description

Time

  • Played on: July 3, 2026, 8:56 a.m.
  • Length: 14:40

All games in this series

Show
View Real Time Build Order
Export as new Build Order

Shino Zerg 

Build Orders: Hatch First 

Get SALT Encoding   

  8  0:00  Drone  
  9  0:10  Drone  
  10  0:17  Drone  
  11  0:27  Overlord  
  11  0:33  Drone  
  12  0:45  Drone  
  12  0:46  Drone  
  14  0:50  Drone  
  15  1:06  Drone  
  16  1:14  Hatchery  
  16  1:17  Drone  
  16  1:24  Drone  
  17  1:30  Drone  
  18  1:37  Extractor  
  17  1:40  Spawning Pool  
  17  1:46  Drone  
  17  1:51  Drone  
  18  2:02  Drone  
  19  2:11  Overlord  
  19  2:20  Drone  
  20  2:27  Queen x2  
  24  2:30  Zergling x4  
  26  2:40  Drone  
  26  2:41  Drone  
  28  2:46  Drone  
  28  2:47  Metabolic Boost  
  28  2:50  Drone  
  30  2:56  Overlord  
  30  3:00  Drone  
  31  3:10  Drone  
  32  3:15  Overlord  
  32  3:17  Drone  
  33  3:24  Lair  
  33  3:33  Overlord  
  33  3:34  Extractor, Drone  
  33  3:36  Drone x2  
  33  3:37  Drone x4  
  33  3:40  Drone  
  40  3:51  Drone, Overlord  
  40  3:52  Drone  
  42  4:00  Drone  
  42  4:02  Drone  
  44  4:04  Hatchery  
  41  4:13  Zergling x4  
  41  4:14  Drone  
  41  4:15  Drone  
  44  4:19  Drone  
  44  4:22  Drone  
  46  4:26  Hydralisk Den, Drone  
  46  4:29  Overseer  
  46  4:31  Drone  
  47  4:32  Drone  
  47  4:34  Drone  
  49  4:41  Queen, Extractor  
  50  4:48  Drone x2  
  50  4:49  Drone x2  
  50  4:50  Extractor  
  50  4:51  Drone  
  54  4:54  Zergling x4  
  54  4:58  Overlord  
  55  5:00  Grooved Spines  
  54  5:15  Overlord, Hydralisk x2  
  54  5:17  Hydralisk x2  
  54  5:20  Hydralisk  
  54  5:21  Overseer  
  64  5:25  Hydralisk  
  66  5:30  Overlord  
  66  5:31  Overlord  
  66  5:34  Hydralisk  
  68  5:37  Hydralisk  
  68  5:42  Hydralisk x2  
  70  5:48  Hydralisk  
  76  5:53  Zergling x8  
  80  5:57  Evolution Chamber  
  80  6:01  Hydralisk  
  73  6:09  Zergling x6  
  68  6:17  Hydralisk  
  67  6:23  Drone x2  
  67  6:25  Muscular Augments  
  69  6:31  Drone x3  
  72  6:36  Drone x2  
  72  6:37  Drone  
  75  6:41  Hydralisk  
  75  6:47  Hydralisk  
  73  6:59  Hydralisk  
  70  7:02  Drone x3  
  70  7:08  Drone x2  
  74  7:09  Drone  
  74  7:12  Drone  
  76  7:17  Overlord  
  76  7:24  Drone x4  
  76  7:25  Drone  
  78  7:37  Overseer  
  78  7:39  Drone x5  
  78  7:43  Overseer  
  80  7:46  Hydralisk  
  80  7:51  Hydralisk x2  
  86  8:00  Hydralisk x3  
  92  8:06  Overlord x2  
  92  8:09  Overlord  
  87  8:21  Zergling x14  
  90  8:27  Zergling x4  
  90  8:29  Overseer  
  88  8:37  Zergling x6  
  84  8:53  Hydralisk x5  
  92  9:04  Zergling x10  
  97  9:15  Hydralisk  
  98  9:17  Zergling x4  
  82  9:37  Zergling x8  
  82  9:38  Queen  
  88  9:43  Zergling x4  
  90  9:52  Hydralisk  
  86  9:54  Zergling x2  
  88  10:03  Drone x2  
  88  10:07  Drone  
  88  10:09  Drone  
  90  10:16  Drone x4  
  85  10:40  Drone x4  
  85  10:42  Hatchery  
  86  10:44  Hydralisk  
  88  10:57  Drone x6  
  93  11:15  Zergling x10  
  97  11:24  Zergling x2  
  87  11:31  Hydralisk x5  
  87  11:32  Zergling x4  
  88  11:39  Zergling x2  
  84  11:45  Extractor  
  84  11:46  Zergling x2  
  81  11:57  Zergling x8, Overseer  
  83  12:19  Hydralisk  
  83  12:20  Zergling x14  
  86  12:35  Hydralisk, Zergling x8  
  91  12:39  Queen x2  
  95  12:48  Hydralisk  
  95  12:49  Hydralisk, Zergling x2  
  95  12:50  Zergling x2  
  101  12:54  Zergling x4  
  96  13:12  Hydralisk x3  
  85  13:13  Zergling x10  
  74  13:38  Hydralisk x2  
  72  13:42  Zergling x2  
  72  13:47  Zergling x2  
  74  13:53  Hydralisk  
  76  14:05  Zergling x4  
Show
View Real Time Build Order
Export as new Build Order

Jumy Protoss - Winner!

Build Orders:  

Get SALT Encoding   

  8  0:00  Probe (Chrono Boost)  
  9  0:12  Probe (Chrono Boost)  
  10  0:18  Probe (Chrono Boost)  
  11  0:26  Probe  
  12  0:33  Pylon  
  12  0:38  Probe  
  13  0:51  Probe  
  13  0:57  Gateway  
  14  1:03  Probe (Chrono Boost)  
  15  1:08  Assimilator  
  15  1:15  Probe (Chrono Boost)  
  16  1:22  Probe (Chrono Boost)  
  17  1:29  Probe  
  18  1:41  Probe  
  19  1:52  Nexus  
  19  2:02  Cybernetics Core  
  19  2:04  Probe  
  20  2:16  Pylon, Probe  
  21  2:25  Assimilator  
  21  2:34  Probe  
  22  2:40  Stalker (Chrono Boost)  
  24  2:46  Probe  
  26  2:59  Probe (Chrono Boost)  
  26  3:01  Stargate  
  26  3:04  Probe (Chrono Boost)  
  27  3:06  Adept  
  30  3:13  Warp Gate  
  30  3:14  Probe (Chrono Boost)  
  30  3:16  Probe (Chrono Boost)  
  31  3:21  Twilight Council  
  31  3:22  Probe (Chrono Boost)  
  31  3:24  Probe (Chrono Boost)  
  33  3:29  Probe  
  33  3:30  Gateway  
  34  3:34  Probe  
  35  3:41  Probe  
  35  3:44  Gateway  
  37  3:48  Probe  
  37  3:52  Adept  
  37  3:54  Probe  
  40  3:57  Pylon  
  40  4:01  Resonating Glaives (Chrono Boost)  
  40  4:17  Gateway  
  40  4:18  Gateway  
  40  4:20  Gateway  
  40  4:27  Dark Shrine  
  40  4:30  Probe x2  
  42  4:36  Adept x2  
  46  4:41  Pylon  
  46  4:47  Pylon  
  46  4:49  Probe x2  
  48  5:00  Pylon  
  48  5:03  Probe x2  
  48  5:15  Probe  
  48  5:16  Assimilator  
  48  5:20  Pylon  
  50  5:27  Adept x4, Probe  
  58  5:29  Adept  
  58  5:32  Adept  
  62  5:43  Pylon  
  62  5:48  Probe x2  
  60  6:05  Adept x6  
  68  6:15  Probe  
  61  6:19  Probe  
  61  6:22  Gateway  
  61  6:25  Gateway  
  60  6:28  Pylon  
  60  6:30  Shield Battery x2  
  60  6:36  Dark Templar  
  60  6:38  Adept x3  
  66  6:48  Adept x2  
  60  7:02  Robotics Facility  
  60  7:03  Assimilator  
  60  7:07  Adept x2  
  62  7:09  Dark Templar  
  62  7:13  Adept x3  
  70  7:18  Forge  
  68  7:42  Adept x7  
  78  7:45  Protoss Ground Weapons Level 1 (Chrono Boost)  
  78  7:53  Immortal  
  78  7:58  Probe x2, Pylon  
  84  8:02  Dark Templar  
  86  8:09  Adept x2  
  88  8:26  Adept x5  
  94  8:44  Dark Templar x3  
  84  9:02  Adept x5  
  94  9:09  Observer  
  95  9:11  Pylon x2, Probe  
  86  9:24  Adept  
  86  9:25  Adept x4  
  88  9:42  Adept x3  
  92  9:54  Probe  
  92  9:55  Nexus  
  92  9:57  Pylon  
  92  9:58  Sentry x2  
  95  10:02  Protoss Ground Weapons Level 2 (Chrono Boost)  
  93  10:08  Probe x2  
  93  10:11  Adept  
  93  10:12  Adept  
  99  10:20  Probe  
  100  10:23  Dark Templar  
  100  10:24  Adept x4  
  100  10:40  Adept x3  
  104  10:44  Immortal  
  106  11:01  Robotics Bay  
  106  11:03  Adept  
  108  11:11  Adept, Probe  
  99  11:19  Adept x6  
  100  11:28  Adept  
  96  11:33  Probe  
  96  11:34  Probe  
  96  11:37  Dark Templar  
  98  11:42  Probe  
  95  11:52  Adept x6  
  101  11:54  Probe  
  101  11:57  Colossus (Chrono Boost)  
  108  12:06  Assimilator  
  109  12:11  Assimilator  
  109  12:12  Probe x2 (Chrono Boost)  
  108  12:21  Adept, Probe (Chrono Boost)  
  108  12:22  Probe (Chrono Boost)  
  110  12:23  Adept  
  110  12:27  Probe (Chrono Boost)  
  107  12:30  Extended Thermal Lance (Chrono Boost)  
  97  12:37  Colossus (Chrono Boost)  
  97  12:40  Adept x3  
  97  12:41  Probe  
  108  12:45  Adept  
  108  12:48  Adept x3  
  116  12:57  Adept  
  118  13:03  Zealot  
  112  13:21  Colossus (Chrono Boost)  
  118  13:28  Nexus  
  118  13:32  Stalker  
  120  13:40  Dark Templar  
  114  13:47  Pylon  
  110  13:57  Probe  
  111  14:08  Assimilator  
  111  14:10  Assimilator  
Tags
 
Add a new tag
Caveats
  • Supply blocks, unpowered buildings, or Contaminate may cause inaccurate times.
  • Supply counts are checked every 10 seconds.